 Dungeon Crawl Stone Soup version 0.20.1-1-g8b1a95d (webtiles) character file.

72 JohnnyMnemonic the Slasher (level 4, 0/30 HPs)
             Began as a Halfling Fighter on Aug 6, 2017.
             Slain by a hobgoblin
             ... wielding a +0 club
             ... led by Robin
              (1 damage)
             ... on level 2 of the Dungeon.
             The game lasted 00:01:15 (1145 turns).

JohnnyMnemonic the Slasher (Halfling Fighter)       Turns: 1145, Time: 00:01:15

Health: 0/30       AC:  6    Str: 18    XL:     4   Next: 48%
Magic:  4/4        EV: 11    Int:  6    God:
Gold:   128        SH:  5    Dex: 13    Spells: 3/3 levels left

rFire    . . .     SeeInvis .   a - +0 long sword
rCold    . . .     Gourm    +   h - +0 buckler
rNeg     . . .     Faith    .   b - +0 scale mail
rPois    .         Spirit   .   (no helmet)
rElec    .         Reflect  .   (no cloak)
rCorr    .         Harm     .   (no gloves)
MR       +....                  (no boots)
Stlth    ..........             n - amulet of the gourmand (curse)
Regen    0.1/turn               l - ring of protection from magic
MPRegen  0.1/turn               (no ring)

@: no status effects
A: mutation resistance 1
a: no special abilities


You were on level 2 of the Dungeon.
You were not hungry.

You visited 1 branch of the dungeon, and saw 2 of its levels.

You collected 128 gold pieces.

Inventory:

Hand Weapons
 a - a +0 long sword (weapon)
Armour
 b - a +0 scale mail (worn)
 c - a +0 shield
 h - a +0 buckler (worn)
Jewellery
 l - a ring of protection from magic (left hand)
 n - a cursed amulet of the gourmand (around neck)
Scrolls
 i - 2 scrolls of magic mapping {unknown}
 j - 2 scrolls of identify {unknown}
 m - a scroll of enchant weapon {unknown}
 o - a scroll of enchant armour {unknown}
 p - a scroll of remove curse {unknown}
Potions
 k - a potion of flight {unknown}
Comestibles
 f - 3 bread rations
 g - a fruit
 q - a royal jelly


   Skills:
 - Level 2.6 Fighting
 + Level 4.4 Long Blades
 - Level 3.2 Armour
 - Level 3.2 Shields


You had 3 spell levels left.
You didn't know any spells.

Dungeon Overview and Level Annotations

Branches:
Dungeon (2/15)

Altars:


Innate Abilities, Weirdness & Mutations

You are small and have problems with some larger weapons.
You are somewhat resistant to further mutation.


Message History

You hit Robin.
Robin is lightly wounded.
The hobgoblin completely misses you.
You riposte.
You closely miss the hobgoblin.
The hobgoblin is severely wounded.
Robin hits you but does no damage.
You feel very mighty all of a sudden. The hobgoblin hits you with a club!
* * * LOW HITPOINT WARNING * * *
Robin closely misses you.
You riposte.
You slice Robin!!
You kill Robin!
You hit the hobgoblin.
You kill the hobgoblin!
The hobgoblin closely misses you.
It was a potion of cancellation.
Your magical effects are unravelling.
You feel magically purged.
You feel a little less mighty now. The hobgoblin hits you with a club.
You die...

#.# #........# #.#
##........# #.#
#....)....#
#.###.#.......#
#.#...#.......#####
#...###...........#
#.### #.......###..
##.# ######.##
###..# #@## #....#
#gg# #.##.# ##.#
#.##.# #g# #.##.#
#w# ###.##.# #.#
#...##.# ...
.....#.# . #..
.......##..# #..


You could see a worm, 2 hobgoblins and a goblin.

Vanquished Creatures
  Robin (D:2)
  A gnoll (D:1)
  A dart slug (D:2)
  A leopard gecko (D:1)
  2 giant cockroaches (D:1)
  17 goblins
  3 hobgoblins
  5 jackals (D:1)
  A quokka (D:2)
  6 bats
  3 frilled lizards (D:1)
  A kobold (D:1)
42 creatures vanquished.

Notes
Turn   | Place    | Note
-------+----------+-------------------------------------------
     0 | D:1      | JohnnyMnemonic the Halfling Fighter began the quest for the Orb.
     0 | D:1      | Reached XP level 1. HP: 15/15 MP: 1/1
    46 | D:1      | Reached XP level 2. HP: 19/20 MP: 2/2
   218 | D:1      | Reached skill level 3 in Long Blades
   347 | D:1      | Reached XP level 3. HP: 21/25 MP: 3/3
  1095 | D:2      | Reached skill level 4 in Long Blades
  1095 | D:2      | Reached XP level 4. HP: 30/30 MP: 4/4
  1110 | D:2      | Noticed Robin
  1143 | D:2      | HP: 1/30 [hobgoblin/club[Robin] (7)]
  1143 | D:2      | Killed Robin
  1145 | D:2      | Slain by a hobgoblin

Skill      XL: |  1  2  3 |
---------------+----------+-----
Long Blades    | 3 4 |  4.4
Fighting       | |  2.6
Armour         | |  3.2
Shields        | |  3.2

Action                   |  1- 3 |  4- 6 || total
-------------------------+-------+-------++-------
Melee: Long sword        |    77 |    32 ||   109
  Use: Potion            |       |     2 ||     2
  Eat: Chunk             |     6 |       ||     6
Armor: Scale mail        |    34 |    13 ||    47
Dodge: Dodged            |    48 |    26 ||    74
Block: Shield            |     8 |       ||     8
       Buckler           |    20 |    10 ||    30
       Rpst.: Long sword |    18 |     8 ||    26
